Match 45846548
Unlisted

Match 45846548
End
Royal Engineer Section
Construct Section Command Post
Dingo Light Scout Car
Infantry Section
Infantry Section
Infantry Section
Construct Platoon Command Post
Humber Armored Car
Unlock Bishop Self-propelled Artillery
Bishop Self-propelled Artillery
Infantry Training
Selects Canadian Shock Battlegroup
Selects Offensive Resupply
Selects Canadian Shock Section
Canadian Shock Section
Selects Burnout
Selects Pyrotechnics
Light Vehicle Training
Infantry Section
Construct Company Command Post
Crusader II Medium Tank
Vickers Machine Gun Team
Selects Churchill Crocodile Heavy Tank
Churchill Crocodile Heavy Tank
Foot Guards Section
Selects Point Assault
Grenade Package
Burnout
3nder
PAX AJAX
Dunkerque
NEP_wilson_NEP
0
0

Comments sign in to comment!

No comments posted yet!